MLB
BOSTON RED SOX @ HOUSTON ASTROS
08/07/2044
 
TOP OF THE 1ST
Boston Red Sox batting - Pitching for Houston Astros : RHP Seth Bowersox
Pitching: RHP Seth Bowersox
Batting: SHB Robbie Rogers 0-0: Ball
1-0: Foul Ball, location: 2F
1-1: Foul Ball, location: 2F
1-2: Ball
2-2: Ball
3-2: Base on Balls
Batting: LHB Kevin McCormic Jr. 0-0: Ball
Robbie Rogers steals 2nd base
1-0: Foul Ball, location: 2F
1-1: Ball
2-1: Ball
3-1: Base on Balls
Batting: SHB Mark Rennie 0-0: Foul Ball, location: 2F
0-1: Ball
1-1: Ball
2-1: Fly out, F8 (Line Drive, 8RD, EV 90.0 MPH)
Batting: LHB Ernesto Cedillos 0-0: Foul Ball, location: 2F
0-1: Ball
1-1: Foul Ball, location: 2F
1-2: Ball
2-2: SINGLE (Flyball, 34D, EV 85.6 MPH)
Robbie Rogers to third
Kevin McCormic Jr. to second
Batting: RHB Manny Vergara 0-0: Fly out, F7 (Line Drive, 7, EV 104.4 MPH)
Runner from 3rd tags up, SCORES, no throw by LF
Batting: RHB Scott Treider 0-0: Ball
1-0: Called Strike
1-1: Ground out U3 (Groundball, 13, EV 90.6 MPH)
Top of the 1st over - 1 run, 1 hit, 0 errors, 2 left on base; Boston 1 - Houston 0
BOTTOM OF THE 1ST
Houston Astros batting - Pitching for Boston Red Sox : RHP Jeremy Hernandez
Pitching: RHP Jeremy Hernandez
Batting: RHB Matt Thompson 0-0: Ball
1-0: Called Strike
1-1: Ball
2-1: Swinging Strike
2-2: Ground out 5-3 (Groundball, 15, EV 90.0 MPH)
Batting: LHB Bob Myers 0-0: Foul Ball, location: 2F
0-1: Called Strike
0-2: Ground out 1-3 (Groundball, 25, EV 73.1 MPH)
Batting: SHB Addick de Vries 0-0: Called Strike
0-1: Ball
1-1: Ball
2-1: Ball
3-1: Foul Ball, location: 2F
3-2: Ground out 4-3 (Groundball, 34, EV 81.9 MPH)
Bottom of the 1st over - 0 runs, 0 hits, 0 errors, 0 left on base; Boston 1 - Houston 0
TOP OF THE 2ND
Boston Red Sox batting - Pitching for Houston Astros : RHP Seth Bowersox
Batting: LHB John Bailey 0-0: Ball
1-0: Fly out, F7 (Flyball, 7D, EV 97.5 MPH)
Batting: RHB Bill Turnbull 0-0: Ball
1-0: Fly out, F7 (Flyball, 7S, EV 88.8 MPH)
Batting: RHB Brandon Perris 0-0: Ball
1-0: Called Strike
1-1: Ball
2-1: Swinging Strike
2-2: Foul Ball, location: 2F
2-2: Foul Ball, location: 2F
2-2: Foul Ball, location: 2F
2-2: Foul Ball, location: 2F
2-2: Ball
3-2: Strikes out looking
Top of the 2nd over - 0 runs, 0 hits, 0 errors, 0 left on base; Boston 1 - Houston 0
BOTTOM OF THE 2ND
Houston Astros batting - Pitching for Boston Red Sox : RHP Jeremy Hernandez
Batting: RHB Danny Dyer 0-0: Foul Ball, location: 2F
0-1: Ball
1-1: Swinging Strike
1-2: Foul Ball, location: 2F
1-2: Strikes out swinging
Batting: SHB Joe Gardner 0-0: Called Strike
0-1: Fly out, F8 (Line Drive, 8LM, EV 91.2 MPH)
Batting: LHB Bryce Hill 0-0: Swinging Strike
0-1: Swinging Strike
0-2: Ball
1-2: Strikes out swinging
Bottom of the 2nd over - 0 runs, 0 hits, 0 errors, 0 left on base; Boston 1 - Houston 0
TOP OF THE 3RD
Boston Red Sox batting - Pitching for Houston Astros : RHP Seth Bowersox
Batting: SHB Robbie Rogers 0-0: Fly out, F8 (Line Drive, 8RM, EV 101.2 MPH)
Batting: LHB Kevin McCormic Jr. 0-0: Ball
1-0: Ball
2-0: Ball
3-0: Base on Balls
Batting: SHB Mark Rennie 0-0: Ball
1-0: Swinging Strike
1-1: Ball
2-1: Swinging Strike
2-2: Strikes out swinging
Batting: LHB Ernesto Cedillos 0-0: SINGLE (Line Drive, 4MD, EV 97.5 MPH)
Kevin McCormic Jr. to second
Batting: RHB Manny Vergara 0-0: Foul Ball, location: 2F
0-1: Ball
1-1: Swinging Strike
1-2: Ball
2-2: Foul Ball, location: 2F
2-2: Ball
3-2: Foul Ball, location: 2F
3-2: Foul Ball, location: 2F
3-2: Strikes out swinging
Top of the 3rd over - 0 runs, 1 hit, 0 errors, 2 left on base; Boston 1 - Houston 0
BOTTOM OF THE 3RD
Houston Astros batting - Pitching for Boston Red Sox : RHP Jeremy Hernandez
Batting: LHB Jim Keefe 0-0: Foul Ball, location: 2F
0-1: Called Strike
0-2: Ball
1-2: Ball
2-2: Foul Ball, location: 2F
2-2: Foul Ball, location: 2F
2-2: Fly out, F7 (Flyball, 78D, EV 100.0 MPH)
Batting: RHB Jeremy Trump 0-0: Called Strike
0-1: Ball
1-1: Ground out 4-3 (Groundball, 4M, EV 89.4 MPH)
Batting: LHB Chris Cabrera 0-0: Called Strike
0-1: Ball
1-1: Swinging Strike
1-2: Foul Ball, location: 2F
1-2: Ball
2-2: Ball
3-2: Strikes out swinging
Bottom of the 3rd over - 0 runs, 0 hits, 0 errors, 0 left on base; Boston 1 - Houston 0
TOP OF THE 4TH
Boston Red Sox batting - Pitching for Houston Astros : RHP Seth Bowersox
Batting: RHB Scott Treider 0-0: Ball
1-0: Ball
2-0: Called Strike
2-1: Ball
3-1: Ground out 5-3 (Groundball, 56, EV 88.1 MPH)
Batting: LHB John Bailey 0-0: Fly out, F8 (Flyball, 8RD, EV 102.5 MPH)
Batting: RHB Bill Turnbull 0-0: Ball
1-0: Ball
2-0: Called Strike
2-1: Ball
3-1: Base on Balls
Batting: RHB Brandon Perris 0-0: Ball
Bill Turnbull steals 2nd base
1-0: Ground out 6-3 (Groundball, 6MD, EV 90.0 MPH)
Top of the 4th over - 0 runs, 0 hits, 0 errors, 1 left on base; Boston 1 - Houston 0
BOTTOM OF THE 4TH
Houston Astros batting - Pitching for Boston Red Sox : RHP Jeremy Hernandez
Batting: RHB Matt Thompson 0-0: Ball
1-0: Ground out 5-3 (Groundball, 56, EV 103.1 MPH)
Batting: LHB Bob Myers 0-0: Ball
1-0: Ball
2-0: Ball
3-0: Called Strike
3-1: Swinging Strike
3-2: Strikes out looking
Batting: SHB Addick de Vries 0-0: Ball
1-0: Foul Ball, location: 2F
1-1: Ball
2-1: Ball
3-1: Swinging Strike
3-2: Fly out, F8 (Flyball, 8RS, EV 95.0 MPH)
Bottom of the 4th over - 0 runs, 0 hits, 0 errors, 0 left on base; Boston 1 - Houston 0
TOP OF THE 5TH
Boston Red Sox batting - Pitching for Houston Astros : RHP Seth Bowersox
Batting: SHB Robbie Rogers 0-0: Ball
1-0: Ground out 5-3 (Groundball, 6S, EV 71.2 MPH)
Batting: LHB Kevin McCormic Jr. 0-0: Called Strike
0-1: Called Strike
0-2: Ball
1-2: Ball
2-2: SINGLE (Groundball, 34D, EV 100.0 MPH)
Batting: SHB Mark Rennie 0-0: Fielders Choice at 2nd, 4-6 (Groundball, 34, EV 95.6 MPH)
Batting: LHB Ernesto Cedillos 0-0: Called Strike
Mark Rennie steals 2nd base
0-1: Fly out, F9 (Flyball, 9LS, EV 83.8 MPH)
Top of the 5th over - 0 runs, 1 hit, 0 errors, 1 left on base; Boston 1 - Houston 0
BOTTOM OF THE 5TH
Houston Astros batting - Pitching for Boston Red Sox : RHP Jeremy Hernandez
Batting: RHB Danny Dyer 0-0: Ball
1-0: Fly out, F7 (Flyball, 8LS, EV 85.0 MPH)
Batting: SHB Joe Gardner 0-0: Called Strike
0-1: Called Strike
0-2: Ball
1-2: Foul Ball, location: 2F
1-2: Strikes out swinging
Batting: LHB Bryce Hill 0-0: Called Strike
0-1: SOLO HOME RUN (Flyball, 7D, EV 101.2 MPH), Distance : 394 ft
Batting: LHB Jim Keefe 0-0: Ball
1-0: Ball
2-0: Ground out 4-3 (Groundball, 4, EV 105.0 MPH)
Bottom of the 5th over - 1 run, 1 hit, 0 errors, 0 left on base; Boston 1 - Houston 1
TOP OF THE 6TH
Boston Red Sox batting - Pitching for Houston Astros : RHP Seth Bowersox
Batting: RHB Manny Vergara 0-0: Ball
1-0: Ball
2-0: Ball
3-0: Base on Balls
Batting: RHB Scott Treider 0-0: Swinging Strike
0-1: Foul Ball, location: 2F
0-2: Foul Ball, location: 2F
0-2: Ball
1-2: Strikes out swinging
Batting: LHB John Bailey 0-0: Ball
1-0: Foul Ball, location: 2F
1-1: Called Strike
1-2: Grounds into double play, 4-6-3 (Groundball, 4M, EV 105.6 MPH)
Top of the 6th over - 0 runs, 0 hits, 0 errors, 0 left on base; Boston 1 - Houston 1
BOTTOM OF THE 6TH
Houston Astros batting - Pitching for Boston Red Sox : RHP Jeremy Hernandez
Batting: RHB Jeremy Trump 0-0: Ball
1-0: Fly out, F9 (Flyball, 9D, EV 104.4 MPH)
Batting: LHB Chris Cabrera 0-0: Ground out 6-3 (Groundball, 6, EV 84.4 MPH)
Batting: RHB Matt Thompson 0-0: Ball
1-0: Called Strike
1-1: Fly out, F8 (Flyball, 89XD, EV 100.0 MPH)
Bottom of the 6th over - 0 runs, 0 hits, 0 errors, 0 left on base; Boston 1 - Houston 1
TOP OF THE 7TH
Boston Red Sox batting - Pitching for Houston Astros : RHP Seth Bowersox
Batting: RHB Bill Turnbull 0-0: Fly out, F9 (Flyball, 89S, EV 96.9 MPH)
Batting: RHB Brandon Perris 0-0: Ball
1-0: Foul Ball, location: 2F
1-1: Swinging Strike
1-2: Ball
2-2: Ball
3-2: Ground out U3 (Groundball, 34S, EV 88.8 MPH)
Batting: SHB Robbie Rogers 0-0: TRIPLE (Groundball, 3L, EV 94.4 MPH)
Pitching: RHP Mike Staus
Batting: LHB Kevin McCormic Jr. 0-0: Ball
1-0: Ball
2-0: SINGLE (Groundball, 56D, EV 93.8 MPH)
Robbie Rogers scores
Batting: SHB Mark Rennie 0-0: Ball
1-0: Called Strike
1-1: Ball
2-1: Ball
3-1: Swinging Strike
3-2: Base on Balls
Kevin McCormic Jr. to second
Batting: LHB Ernesto Cedillos 0-0: Ball
1-0: Fly out, F9 (Flyball, 9LM, EV 91.9 MPH)
Top of the 7th over - 1 run, 2 hits, 0 errors, 2 left on base; Boston 2 - Houston 1
BOTTOM OF THE 7TH
Houston Astros batting - Pitching for Boston Red Sox : RHP Jeremy Hernandez
Batting: LHB Bob Myers 0-0: Foul Ball, location: 2F
0-1: Ball
1-1: Fly out, F8 (Flyball, 78D, EV 98.8 MPH)
Batting: SHB Addick de Vries 0-0: Called Strike
0-1: Foul Ball, location: 2F
0-2: Ball
1-2: Strikes out looking
Batting: RHB Danny Dyer 0-0: Foul Ball, location: 2F
0-1: Ball
1-1: Ball
2-1: Called Strike
2-2: Fly out, F8 (Flyball, 8LD, EV 94.4 MPH)
Bottom of the 7th over - 0 runs, 0 hits, 0 errors, 0 left on base; Boston 2 - Houston 1
TOP OF THE 8TH
Boston Red Sox batting - Pitching for Houston Astros : RHP Mike Staus
Batting: RHB Manny Vergara 0-0: Ground out 6-3 (Groundball, 6, EV 85.6 MPH)
Batting: RHB Scott Treider 0-0: Called Strike
0-1: Ball
1-1: Ball
2-1: Ball
3-1: Foul Ball, location: 2F
3-2: Base on Balls
Batting: LHB John Bailey 0-0: Called Strike
0-1: Ball
1-1: Called Strike
1-2: Ball
2-2: Strikes out swinging
Pinch Hitting: LHB Brian Gray 0-0: Called Strike
Scott Treider steals 2nd, throwing error, E2
Scott Treider to third
0-1: Ball
1-1: Ball
2-1: Foul Ball, location: 2F
2-2: Foul Ball, location: 2F
2-2: Ball
3-2: Base on Balls
Pinch Hitting: SHB Rich Chavez 0-0: Ball
1-0: Called Strike
1-1: Ball
2-1: Ball
3-1: Base on Balls
Brian Gray to second
Pitching: RHP Kyle McPeak
Batting: SHB Robbie Rogers 0-0: Swinging Strike
0-1: Ground out 2-3 (Groundball, 2R, EV 67.5 MPH)
Top of the 8th over - 0 runs, 0 hits, 1 error, 3 left on base; Boston 2 - Houston 1
BOTTOM OF THE 8TH
Houston Astros batting - Pitching for Boston Red Sox : RHP Jeremy Hernandez
Now at 3B: Rich Chavez
Now at SS: Won-jun Park
Now in CF: Nick Esteves
Now in RF: Scott Treider
Batting: SHB Joe Gardner 0-0: Ball
1-0: Called Strike
1-1: Swinging Strike
1-2: Foul Ball, location: 2F
1-2: Foul Ball, location: 2F
1-2: Foul Ball, location: 2F
1-2: Ball
2-2: Strikes out swinging
Batting: LHB Bryce Hill 0-0: Ball
1-0: Called Strike
1-1: Fly out, F6 (Popup, 4M, EV 51.9 MPH)
Batting: LHB Jim Keefe 0-0: Ball
1-0: Called Strike
1-1: Foul Ball, location: 2F
1-2: Ball
2-2: Ball
3-2: Base on Balls
Batting: RHB Jeremy Trump 0-0: Foul Ball, location: 2F
0-1: Called Strike
0-2: Strikes out swinging
Bottom of the 8th over - 0 runs, 0 hits, 0 errors, 1 left on base; Boston 2 - Houston 1
TOP OF THE 9TH
Boston Red Sox batting - Pitching for Houston Astros : RHP Kyle McPeak
Batting: RHB Nick Esteves 0-0: Ball
1-0: Called Strike
1-1: Ball
2-1: Ball
3-1: Base on Balls
Batting: SHB Mark Rennie 0-0: Called Strike
0-1: Ball
1-1: Ball
2-1: Foul Ball, location: 2F
2-2: Ball
3-2: Fielders Choice at 2nd, 3-6 (Groundball, 3, EV 80.6 MPH)
Batting: LHB Ernesto Cedillos 0-0: Ball
1-0: Called Strike
Mark Rennie steals 2nd base
1-1: Ball
2-1: Called Strike
2-2: DOUBLE (Flyball, 7LD, EV 107.5 MPH)
Mark Rennie scores
Batting: RHB Manny Vergara 0-0: Ball
1-0: Called Strike
1-1: Ball
2-1: Ground out U3 (Groundball, 3, EV 83.1 MPH)
Ernesto Cedillos to third
Batting: RHB Scott Treider 0-0: Ball
1-0: Called Strike
1-1: Ball
2-1: Foul Ball, location: 2F
2-2: Foul Ball, location: 2F
2-2: Foul Ball, location: 2F
2-2: Ball
3-2: Base on Balls
Batting: LHB John Bailey 0-0: Called Strike
0-1: Swinging Strike
0-2: Ball
1-2: Strikes out looking
Top of the 9th over - 1 run, 1 hit, 0 errors, 2 left on base; Boston 3 - Houston 1
BOTTOM OF THE 9TH
Houston Astros batting - Pitching for Boston Red Sox : RHP Jeremy Hernandez
Pitching: RHP Guadalupe Vasguez
Now at 1B: Chris Lane
Batting: LHB Chris Cabrera 0-0: Ball
1-0: Called Strike
1-1: Foul Ball, location: 2F
1-2: Ground out 5-3 (Groundball, 5L, EV 88.1 MPH)
Batting: RHB Matt Thompson 0-0: Fly out, F9 (Flyball, 9LM, EV 88.8 MPH)
Batting: LHB Bob Myers 0-0: Ball
1-0: Fly out, F9 (Flyball, 9S, EV 91.9 MPH)
Bottom of the 9th over - 0 runs, 0 hits, 0 errors, 0 left on base; Boston 3 - Houston 1
Thursday, March 31st , 2022 - OOTP Baseball 22.12 Build 89